 Dungeon Crawl Stone Soup version 0.27-a0-1548-gf8a67e7463 (webtiles) character file.

Game seed: 5595746785082576836

839 Spaninq the Ruffian (level 7, -6/58 HPs)
             Began as a Black Draconian Transmuter on July 13, 2021.
             Mangled by an orc warrior (16 damage)
             ... on level 5 of the Dungeon.
             The game lasted 00:14:59 (6250 turns).

Spaninq the Ruffian (Black Draconian Transmuter)    Turns: 6250, Time: 00:14:59

Health: -6/58      AC:  6    Str: 11 (12) XL:     7   Next: 67%
Magic:  12/12      EV: 13    Int: 16      God:
Gold:   192        SH:  0    Dex: 17      Spells: 12/13 levels left

rFire    . . .     SeeInvis .     - Unarmed
rCold    . . .     Faith    .   (no shield)
rNeg     . . .     Spirit   .   (armour unavailable)
rPois    +         Reflect  .   (helmet currently unavailable)
rElec    +         Harm     .   (no cloak)
rCorr    .         Rampage  .   (no gloves)
Will     .....                  (boots currently unavailable)
Stlth    ++........             (no amulet)
HPRegen  0.19/turn              a - ring of poison resistance
MPRegen  0.13/turn              i - +6 ring of dexterity

@: appendages (expiring), very slightly contaminated, invisible
A: horns 2, talons 2, breathe lightning, AC +6, unfitting armour, electricity
resistance, cold-blooded
a: Breathe Lightning, End Transformation


You were on level 5 of the Dungeon.
You had temporarily grown beastly horns and talons.
You visited 1 branch of the dungeon, and saw 6 of its levels.

You collected 192 gold pieces.

Inventory:

Armour
 q - a +0 hat
Jewellery
 a - a ring of poison resistance (left hand)
 g - a ring of protection from fire
 i - a +6 ring of dexterity (right hand)
Wands
 h - a wand of iceblast (14)
 l - a wand of charming (7)
Scrolls
 c - 3 scrolls of teleportation {unknown}
 d - 5 scrolls of identify {unknown}
 e - a scroll of magic mapping {unknown}
 f - a scroll of immolation {unknown}
 k - a scroll of fear {unknown}
 m - a scroll of vulnerability {unknown}
 n - a scroll of brand weapon {unknown}
 p - a scroll of torment {unknown}
 r - a scroll of enchant weapon {unknown}
Potions
 b - a potion of brilliance {unknown}
 j - a potion of lignification


   Skills:
 + Level 3.8 Fighting
 + Level 3.6 Dodging
 * Level 5.9 Unarmed Combat
 + Level 3.7 Spellcasting
 + Level 3.9 Transmutations


You had 12 spell levels left.
You knew the following spells:

 Your Spells              Type           Power      Damage    Failure   Level
a - Beastly Appendage     Tmut           30%        N/A       3%          1

Your spell library contained the following spells:

 Spells                   Type           Power      Damage    Failure   Level
 Wereblood                Tmut           15%        N/A       5%          2
 Spider Form              Tmut/Pois      4%         N/A       24%         3
 Ozocubu's Armour         Ice            3%         N/A       45%         3
 Ice Form                 Ice/Tmut       9%         N/A       61%         4
 Ozocubu's Refrigeration  Ice            1%         4d5       100%        7


Dungeon Overview and Level Annotations

Branches:
Dungeon (6/15)
 Temple: D:4-7

Altars:
Dithmenos
Elyvilon
Qazlal
Sif Muna
Yredelemnul

Shops:
D:3 *


Innate Abilities, Weirdness & Mutations

You have temporarily grown beastly horns and talons.
You can breathe wild blasts of lightning.
Your glossy black scales are hard. (AC +6)
You cannot fit into any form of body armour.
You are resistant to electric shocks. (rElec)
You are cold-blooded and may be slowed by cold attacks.


Message History

You hit the orc warrior but do no damage.
Your tail-slap misses the orc warrior.
The orc warrior is lightly wounded.
The orc warrior hits you with a +0 war axe!!
* * * LOW HITPOINT WARNING * * *
A centaur comes into view.
There is a stone staircase leading up here.
The orc warrior misses you.
You climb upwards.
There is a stone staircase leading down here.
Your transformation is almost over.
It was a potion of invisibility.
You fade into invisibility!
The orc warrior misses you.
You are very lightly contaminated with residual magic.
You hit the orc warrior but do no damage.
Your kick misses the orc warrior.
The orc warrior is lightly wounded.
The orc warrior misses you.
You barely miss the orc warrior. Your kick misses the orc warrior.
The orc warrior is lightly wounded.
The orc warrior completely misses you.
You hit the orc warrior but do no damage.
You claw the orc warrior.
The orc warrior is moderately wounded.
The orc warrior barely misses you.
You barely miss the orc warrior.
You claw the orc warrior, but do no damage.
You tail-slap the orc warrior, but do no damage.
The orc warrior is moderately wounded.
You barely miss the orc warrior. Your kick misses the orc warrior.
Your tail-slap misses the orc warrior.
The orc warrior is moderately wounded.
The orc warrior hits you with a +0 war axe!
* * * LOW HITPOINT WARNING * * *
You hit the orc warrior.
You claw the orc warrior, but do no damage.
The orc warrior is moderately wounded.
The orc warrior hits you with a +0 war axe!
You die...

# #.####.##.########.#
###.####.##..........#
.........###########.#
...[.....# #..#
##...##..##########..#
...............<.##..#########
##...##..#######.##..........#
#........# #.##.########.#
..#.###.## #@##.## #.# ###.#
#.# #o#...## #.# ###.###.#
#......## #.# ........#
#..>....## #.# ###.###.#
#........# #.# #.# #.#
#........# #.# ###.###.###
##.....#.# #.#
..........########...##.# #.#
.##.....#....(......###.####.##


You could see an orc warrior.

Vanquished Creatures
  A hornet zombie (D:5)
  An ogre (D:5)
  2 scorpions
  A water moccasin skeleton (D:5)
  3 hounds
  A jelly (D:6)
  2 bullfrog skeletons
  Ijyb (D:3)
  An iguana (D:4)
  A hound skeleton (D:5)
  8 adders
  10 gnolls
  A shadow imp (D:5)
  A white imp (D:5)
  2 dart slugs (D:2)
  5 ball pythons
  9 endoplasms
  6 giant cockroaches
  10 goblins
  10 hobgoblins
  9 jackals
  2 quokkas
  6 bats
  4 frilled lizards
  7 kobolds
  2 rats (D:1)
106 creatures vanquished.

Vanquished Creatures (others)
  4 plants (D:2)
4 creatures vanquished.

Grand Total: 110 creatures vanquished

Notes
Turn   | Place    | Note
-------+----------+-------------------------------------------
     0 | D:1      | Spaninq the Draconian Transmuter began the quest for the
                  | Orb.
     0 | D:1      | Reached XP level 1. HP: 16/16 MP: 3/3
   262 | D:1      | Reached XP level 2. HP: 23/23 MP: 3/5
  1091 | D:2      | Reached XP level 3. HP: 28/28 MP: 4/6
  1156 | D:2      | Found a faded altar of an unknown god.
  1502 | D:2      | Reached XP level 4. HP: 36/36 MP: 5/7
  1920 | D:2      | Reached skill level 4 in Unarmed Combat
  1931 | D:2      | Reached XP level 5. HP: 24/42 MP: 7/9
  2789 | D:3      | Found Veval's General Store.
  2970 | D:3      | Found a basalt altar of Yredelemnul.
  2971 | D:3      | Found a shadowy altar of Dithmenos.
  2971 | D:3      | Found a white marble altar of Elyvilon.
  2973 | D:3      | Found a shimmering blue altar of Sif Muna.
  2973 | D:3      | Found a stormy altar of Qazlal.
  3026 | D:3      | Noticed Ijyb
  3051 | D:3      | Killed Ijyb
  3249 | D:4      | Reached XP level 6. HP: 49/50 MP: 8/10
  4645 | D:4      | Reached skill level 5 in Unarmed Combat
  5017 | D:5      | Entered Level 5 of the Dungeon
  5118 | D:5      | Your scales start taking on a glossy black colour.
  5118 | D:5      | Reached XP level 7. HP: 52/57 MP: 10/12
  5118 | D:5      | Gained mutation: You are resistant to electric shocks.
                  | (rElec) [Black Draconian growth]
  6250 | D:5      | Mangled by an orc warrior

Illustrated notes

Levels and vault maps discovered:
D:1:      lightli_arrival_statuegarden, layout_basic, serial_bayou_pond_d,
          kennysheep_pointless_box
D:2:      minmay_angry_zag, layout_loops_cross, serial_bayou,
          serial_bayou_pond_c, serial_bayou_ford_a, serial_bayou_lagoon_b,
          serial_bayou_pond_c, hellmonk_ecumenical_altar_pennies_from_heaven
D:3:      layout_loops_ring, grunt_temple_overflow_open, serial_shops, shop,
          saegor_snake_ambush, uniq_ijyb
D:4:      layout_loops_cross, minmay_cut_off
D:5:      layout_loops_ring
D:6:      layout_loops_ring, minmay_temple_entry_butterflies,
          portal_sewer_entry_f, minmay_misc_feat_four_crosses,
          amethyst_killhole, hangedman_decor_riveting

Skill      XL: |  1  2  3  4  5  6 |
---------------+-------------------+-----
Dodging        | 2 3 |  3.6
Fighting       | 2 3 |  3.8
Unarmed Combat | 4 5 |  5.9
Transmutations | 3 |  3.9
Spellcasting   | 3 |  3.7

Action                   |  1- 3 |  4- 6 |  7- 9 || total
-------------------------+-------+-------+-------++-------
Melee: Unarmed           |   122 |   212 |    48 ||   382
       Headbutt          |    17 |    32 |    12 ||    61
       Kick              |    19 |    56 |    16 ||    91
       Tailslap          |     7 |    32 |     8 ||    47
       Punch             |       |     3 |       ||     3
 Cast: Beastly Appendage |    24 |    38 |     8 ||    70
 Abil: Breathe Lightning |       |       |     1 ||     1
  Use: Potion            |       |     3 |     1 ||     4
 Stab: Sleeping          |       |     5 |     1 ||     6
Armor: Skin              |    42 |    50 |     7 ||    99
Dodge: Dodged            |    78 |   130 |    24 ||   232

Table legend: (Time is in decaauts)
 A = Elapsed time spent in this place.
 B = Non-inter-level travel time spent in this place.
 C = Inter-level travel time spent in this place.
 D = Time resting spent in this place.
 E = Time spent auto-exploring this place.
 F = Levels seen in this place.
 G = Mean time per level.
                   A        B        C        D        E       F      G
               +--------+--------+--------+--------+--------+-----+--------+
         Total |   6281 |   6102 |    179 |   1284 |   3858 |   6 | 1046.8 |
       Dungeon |   6281 |   6102 |    179 |   1284 |   3858 |   6 | 1046.8 |
               +--------+--------+--------+--------+--------+-----+--------+

Top non-repeatable levels by time:
     D:2: 1439 daAuts
     D:3: 1373 daAuts
     D:4: 1268 daAuts
     D:5: 1205 daAuts
     D:1: 974 daAuts
     D:6: 21 daAuts
